 Dungeon Crawl Stone Soup version 0.31.0-9-g3a7656b989 (webtiles) character file.

Game seed: 7518353323964918849

28 qw the Shooter (level 2, 0/16 HPs)
             Began as a Deep Elf Hunter on Feb 2, 2024.
             Slain by a gnoll
             ... wielding a +0 whip
              (2 damage)
             ... on level 1 of the Dungeon.
             The game lasted 00:00:02 (734 turns).

qw the Shooter (Deep Elf Hunter)                     Turns: 734, Time: 00:00:02

Health: 0/16       AC:  3    Str:  8    XL:     2   Next: 96%
Magic:  4/4        EV: 12    Int: 13    God:
Gold:   51         SH:  0    Dex: 18    Spells: 1/1 levels left

rFire   . . .        a - +0 shortbow
rCold   . . .        (shield currently unavailable)
rNeg    . . .        c - +0 leather armour
rPois   .            (no helmet)
rElec   .            (no cloak)
rCorr   .            (no gloves)
SInv    .            (no boots)
Will    .....        (no amulet)
Stlth   ++           (no ring)
HPRegen 0.22/turn    (no ring)
MPRegen 0.09/turn

%: no passive effects
@: about to teleport
A: no striking features
a: no special abilities


You were on level 1 of the Dungeon.
You visited 1 branch of the dungeon, and saw 2 of its levels.

You collected 51 gold pieces.


   Skills:
 - Level 1.5 Fighting
 + Level 6.6 Ranged Weapons
 - Level 2.4 Dodging
 - Level 1.2 Stealth


You had one spell level left.
You didn't know any spells.
Your spell library was empty.

Inventory:

Hand Weapons
 a - a +0 shortbow (weapon)
Armour
 c - a +0 leather armour (worn)

Dungeon Overview and Level Annotations

Branches:
Dungeon (2/15)

Altars:


Message History

688 ||| READING scroll of identify.
688 ||| IDENTIFYING scroll labelled CEREDD RATOALU
As you read the scroll of identify, it crumbles to dust.
g - a scroll of blinking Done exploring.
689 ||| DROPPING scroll of butterflies.
You drop a scroll of butterflies.
Done exploring.
690 ||| DROPPING potion of attraction.
You drop a potion of attraction.
Done exploring.
691 ||| DROPPING scroll of blinking.
You drop a scroll of blinking.
Done exploring.
What level of the Dungeon? (default 1, ? - help)
There is a stone staircase leading down here.
You climb downwards.
The gnoll shouts!
There is a stone staircase leading up here.
There are monsters nearby!
Waypoint 1 assigned to D:2.
702 ||| STAIRDANCE The gnoll hits you from afar with a +0 halberd.
The gnoll shouts!
You climb upwards.
There is a stone staircase leading down here.
You start resting.
HP restored.
You climb downwards.
The gnoll shouts!
The gnoll hits you with a +0 halberd. The gnoll closely misses you.
There is a stone staircase leading up, spattered with blood here.
731 ||| STAIRDANCE The gnoll hits you with a +0 halberd!
The gnoll closely misses you.
You climb upwards.
There is a stone staircase leading down here.
You shoot an arrow. The arrow barely misses the gnoll.
The gnoll hits you with a +0 halberd. The gnoll misses you.
734 ||| READING scroll of teleportation.
As you read the scroll of teleportation, it crumbles to dust.
You feel strangely unstable. The gnoll barely misses you.
The gnoll hits you with a +0 whip.
You die...

##......#####..(..#.####.##....#
##..#.......#.....#.###..##....#
##..#.#...............?.###.####
.#..#.#####.#.###.#.#####
#....## .#..#.......#.##:...###
#...... .#..######..#.........#
##..... .#..# #..###....#####
####.. .+..# #.............###
### .#..# #.####g@#.###...# #
.#..# #......g#.#####.# .#.(#
#######.#.....#.# .#..#
##########.#####.#.#
##..###.......%..#####.#.#
##..##.................#.#
##..##........##########.#
##..##........#..........#
....##........#.##########


You could see 2 gnolls.

Vanquished Creatures
  2 dart slugs (D:1)
  2 endoplasms (D:1)
  4 giant cockroaches (D:1)
  A goblin (D:1)
  A quokka (D:1)
  3 ball pythons (D:1)
  4 bats (D:1)
  A frilled lizard (D:1)
  A kobold (D:1)
  4 rats (D:1)
23 creatures vanquished.

Notes
Turn   | Place    | Note
-------+----------+-------------------------------------------
     0 | D:1      | qw the Deep Elf Hunter began the quest for the Orb.
     0 | D:1      | Reached XP level 1. HP: 12/12 MP: 3/3
     0 | D:1      | 0 ||| qw: Version: 0.3-a-155-g5e7d8dd
     0 | D:1      | 0 ||| qw: Game counter: 322
     0 | D:1      | 0 ||| qw: Melee chars always use a shield: true
     0 | D:1      | 0 ||| qw: God list: Okawaru
     0 | D:1      | 0 ||| qw: Allow faded altars: false
     0 | D:1      | 0 ||| qw: Do Orc after clearing Dungeon:15 true
     0 | D:1      | 0 ||| qw: Do second Lair branch before Depths: true
     0 | D:1      | 0 ||| qw: Lair rune preference: random
     0 | D:1      | 0 ||| qw: Goals: Normal
     0 | D:1      | 0 ||| PLANNING D:1-11
   114 | D:1      | Reached XP level 2. HP: 16/16 MP: 4/4
   125 | D:1      | Reached skill level 6 in Ranged Weapons
   324 | D:1      | Found a faded altar of an unknown god.
   684 | D:1      | 684 ||| READING 2 scrolls labelled XATTEI UCREONO.
   687 | D:1      | 687 ||| READING 2 scrolls labelled UCRODW XAODWU.
   687 | D:1      | 687 ||| IDENTIFYING lumpy pink potion
   688 | D:1      | 688 ||| READING scroll of identify.
   688 | D:1      | 688 ||| IDENTIFYING scroll labelled CEREDD RATOALU
   689 | D:1      | 689 ||| DROPPING scroll of butterflies.
   690 | D:1      | 690 ||| DROPPING potion of attraction.
   691 | D:1      | 691 ||| DROPPING scroll of blinking.
   702 | D:2      | 702 ||| STAIRDANCE
   731 | D:2      | 731 ||| STAIRDANCE
   733 | D:1      | HP: 2/16 [gnoll/+0 halberd (5)]
   734 | D:1      | 734 ||| READING scroll of teleportation.
   734 | D:1      | Slain by a gnoll

Levels and vault maps discovered:
D:1:      dpeg_arrival_refuge, layout_basic, ebering_ecumenical_altar_petrified,
          serial_curves, eino_curves_01, eino_curves_02, eino_curves_02,
          eino_curves_01
D:2:      layout_loops_ring, basic_altar, uniq_terence, uniq_sigmund, uniq_robin

Skill      XL: |  1  2 |
---------------+-------+-----
Ranged Weapons | 6 |  6.6
Fighting       | |  1.5
Dodging        | |  2.4
Stealth        | |  1.2

Action                     || total
---------------------------++-------
   Fire: Shortbow          ||    44
    Use: Scroll            ||     4
 Armour: Leather armour    ||    11
  Dodge: Dodged            ||     8

Table legend:
 A = Non-vault XP
 B = Vault XP
 C = Vault XP percentage of total XP
 D = Non-vault monster count
 E = Vault monster count
 F = Vault count percentage of total count
                 A         B        C        D         E       F
            +---------+---------+-------+---------+---------+-------
      Total |      40 |       0 |   0.0 |      23 |       0 |   0.0
            +---------+---------+-------+---------+---------+-------
        D:1 |      40 |       0 |   0.0 |      23 |       0 |   0.0
            +---------+---------+-------+---------+---------+-------
